 Dungeon Crawl Stone Soup version 0.31.0-11-ge490571c62 (webtiles) character file.

Game seed: 5189567069248635347

59 qw the Shooter (level 3, 0/18 HPs)
             Began as a Spriggan Hunter on Feb 3, 2024.
             Slain by an adder (1 damage)
             ... on level 2 of the Dungeon.
             The game lasted 00:00:02 (1123 turns).

qw the Shooter (Spriggan Hunter)                    Turns: 1123, Time: 00:00:03

Health: 0/18       AC:  2    Str:  7    XL:     3   Next: 78%
Magic:  4/4        EV: 19    Int: 10    God:
Gold:   33         SH:  0    Dex: 20    Spells: 2/2 levels left

rFire   . . .        a - +0 shortbow
rCold   . . .        (shield currently unavailable)
rNeg    . . .        c - +0 robe
rPois   .            (helmet restricted)
rElec   .            (no cloak)
rCorr   .            (gloves unavailable)
SInv    +            (boots unavailable)
Will    .....        (no amulet)
Stlth   ++           (no ring)
HPRegen 0.23/turn    (no ring)
MPRegen 0.09/turn

%: no passive effects
@: lethally poisoned (0 -> -4), very quick
A: very small, no large weapons, unfitting armour, see invisible, speed 3
a: no special abilities


You were on level 2 of the Dungeon.
You visited 1 branch of the dungeon, and saw 2 of its levels.

You collected 33 gold pieces.


Innate Abilities, Weirdness & Mutations

You are very small and have problems with some larger weapons.
You are too small for most types of armour.
You have supernaturally acute eyesight. (SInv)
You cover ground extremely quickly. (Speed+++)


   Skills:
 - Level 1.5 Fighting
 - Level 5.0 Ranged Weapons
 + Level 4.0 Dodging
 - Level 1.5 Stealth


You had 2 spell levels left.
You didn't know any spells.
Your spell library was empty.

Inventory:

Hand Weapons
 a - a +0 shortbow (weapon)
Armour
 c - a +0 robe (worn)
Scrolls
 b - a scroll of fog {unknown}
 d - a scroll of noise {unknown}
Potions
 e - a potion of heal wounds {unknown}

Dungeon Overview and Level Annotations

Branches:
Dungeon (2/15)

Altars:


Message History

You shoot an arrow. The arrow closely misses the adder.
You feel sick.
The adder barely misses you. x2; The hobgoblin hits you.
You shoot an arrow. The arrow closely misses the adder.
You feel sick.
An adder comes into view.
The adder barely misses you. The hobgoblin barely misses you.
You shoot an arrow. The adder hisses angrily.
The arrow hits the adder but does no damage.
You feel sick. The adder completely misses you.
The hobgoblin barely misses you. The adder misses you.
You shoot an arrow. The arrow closely misses the adder.
You feel sick.
You are no longer poisoned.
The adder misses you. The hobgoblin completely misses you.
You shoot an arrow. The arrow misses the adder.
The adder misses you. x2
You shoot an arrow.
The arrow hits the adder but does no damage.
The adder bites you. The hobgoblin barely misses you.
The adder barely misses you. The adder misses you.
You shoot an arrow. The arrow barely misses the adder.
The adder closely misses you. The hobgoblin barely misses you.
The adder bites you.
You are poisoned.
The adder poisons you! The adder closely misses you.
You shoot an arrow. The arrow hits the adder.
The adder is lightly wounded.
You feel sick. The hobgoblin barely misses you. The adder bites you.
You are lethally poisoned!
The adder poisons you! The adder misses you. The hobgoblin closely misses you.
The adder completely misses you.
You shoot an arrow. The arrow hits the adder.
The adder is heavily wounded.
You feel sick. The adder completely misses you. The adder bites you.
A ball python comes into view.
The hobgoblin closely misses you. The adder barely misses you.
You shoot an arrow. The arrow misses the adder.
You feel sick. The adder bites you.
You die...

.....# .....# .....#
......# ..S....
####### .r..#
#......
####S#.#######.#####
#.S@g.......##.#
#.#..#.####.##.# ##
# #..#.####.##.##...
#............%..#
#.##.........####
#.##..###.####
#.#######.#
#.........#
#########.#


You could see 2 adders, a hobgoblin, a ball python and a rat.

Vanquished Creatures
  3 adders (D:2)
  A dart slug (D:1)
  2 endoplasms (D:1)
  3 giant cockroaches
  A goblin (D:1)
  3 jackals (D:1)
  2 kobolds
  2 quokkas (D:1)
  4 bats
  5 frilled lizards (D:1)
  6 rats
32 creatures vanquished.

Notes
Turn   | Place    | Note
-------+----------+-------------------------------------------
     0 | D:1      | qw the Spriggan Hunter began the quest for the Orb.
     0 | D:1      | Reached XP level 1. HP: 10/10 MP: 2/2
     0 | D:1      | 0 ||| qw: Version: 0.3-a-157-g843a77d
     0 | D:1      | 0 ||| qw: Game counter: 3984
     0 | D:1      | 0 ||| qw: Melee chars always use a shield: true
     0 | D:1      | 0 ||| qw: God list: Okawaru
     0 | D:1      | 0 ||| qw: Allow faded altars: false
     0 | D:1      | 0 ||| qw: Do Orc after clearing Dungeon:15 true
     0 | D:1      | 0 ||| qw: Do second Lair branch before Depths: true
     0 | D:1      | 0 ||| qw: Lair rune preference: random
     0 | D:1      | 0 ||| qw: Goals: Normal
     0 | D:1      | 0 ||| PLANNING D:1-11
    84 | D:1      | Reached skill level 3 in Dodging
   207 | D:1      | Reached XP level 2. HP: 14/14 MP: 3/3
   831 | D:1      | 831 ||| READING scroll labelled GOMESO TASTUKA.
   831 | D:1      | 831 ||| ENCHANTING +0 shortbow.
   832 | D:1      | 832 ||| DROPPING scroll of butterflies.
   881 | D:2      | Reached XP level 3. HP: 18/18 MP: 4/4
  1083 | D:2      | Reached skill level 5 in Ranged Weapons
  1122 | D:2      | HP: 3/18 [adder (3)]
  1123 | D:2      | HP: 1/18 [poisoned by an adder]
  1123 | D:2      | Slain by an adder

Levels and vault maps discovered:
D:1:      heliophobic_arrival_ceremonial_halls, layout_basic
D:2:      layout_loops_ring, basic_altar, uniq_crazy_yiuf_cottage, uniq_sigmund,
          uniq_jessica

Skill      XL: |  1  2  3 |
---------------+----------+-----
Dodging        | 3 4 |  4.0
Ranged Weapons | 5 |  5.0
Fighting       | |  1.5
Stealth        | |  1.5

Action                     || total
---------------------------++-------
   Fire: Shortbow          ||   114
    Use: Scroll            ||     1
 Armour: Robe              ||    19
  Dodge: Dodged            ||    71

Table legend:
 A = Non-vault XP
 B = Vault XP
 C = Vault XP percentage of total XP
 D = Non-vault monster count
 E = Vault monster count
 F = Vault count percentage of total count
                 A         B        C        D         E       F
            +---------+---------+-------+---------+---------+-------
      Total |      85 |       0 |   0.0 |      32 |       0 |   0.0
            +---------+---------+-------+---------+---------+-------
        D:1 |      38 |       0 |   0.0 |      23 |       0 |   0.0
        D:2 |      47 |       0 |   0.0 |       9 |       0 |   0.0
            +---------+---------+-------+---------+---------+-------
